 Dungeon Crawl Stone Soup version 0.14-a0-1474-g1105da3 (webtiles) character file.

65 Khlestharos the Grave Robber (level 2, -4/17 HPs)
             Began as an Octopode Necromancer on Dec 15, 2013.
             Slain by a hobgoblin
             ... wielding a +0,+1 orcish club
              (5 damage)
             ... on Level 2 of the Dungeon.
             The game lasted 00:07:16 (462 turns).

Khlestharos the Grave Robber (Octopode Necromancer)  Turns: 462, Time: 00:07:16

HP  -4/17        AC  1     Str  7      XL: 2   Next: 87%
MP   3/4         EV 12     Int 17      God:
Gold 44          SH  0     Dex 12      Spells:  1 memorised,  4 levels left

rFire  . . .     SeeInvis .     (no weapon)
rCold  . . .     Clarity  .     (no shield)
rNeg   . . .     Conserve .     (helmet restricted)
rPois  .         rCorr    .     (no amulet)
rElec  .         rRot     .     (no ring)
SustAb . .       Spirit   .     (no ring)
rMut   .         Warding  .     (no ring)
Saprov . . .     Stasis   .     (no ring)
                                (no ring)
                                (no ring)
                                (no ring)
                                (no ring)

@: not resistant to hostile enchantments, quite stealthy
A: almost no armour, amphibious, 8 rings, constrict 8, camouflage 1, gelatinous
body 1
a: no special abilities


You were on level 2 of the Dungeon.
You were not hungry.

You visited 1 branch of the dungeon, and saw 2 of its levels.

You collected 44 gold pieces.

Inventory:

Missiles
 j - 2 javelins of penetration (quivered)
Comestibles
 c - a bread ration
 g - a choko
Scrolls
 a - a scroll of curse weapon {unknown}
 d - a scroll of teleportation
 f - a scroll of immolation {unknown}
 k - a scroll of noise {unknown}
 l - a scroll of identify {unknown}
Jewellery
 e - an uncursed amulet of the gourmand {unknown}
Potions
 h - a potion of heal wounds {unknown}
 i - a potion of brilliance {unknown}
 m - a potion of curing {unknown}
Books
 b - a book of Necromancy

   Spells                             Type                      Level
   *Pain                              Necromancy                   1
   Animate Skeleton                   Necromancy                   1
   Lethal Infusion                    Charms/Necromancy            2
   Vampiric Draining                  Necromancy                   3
   Regeneration                       Charms/Necromancy            3
   Animate Dead                       Necromancy                   4
   Control Undead                     Necromancy                   4


   Skills:
 + Level 2.3 Dodging
 + Level 2.8 Stealth
 + Level 2.2 Spellcasting
 + Level 4.4 Necromancy


You had 4 spell levels left.
You knew the following spells:

 Your Spells              Type           Power        Failure   Level  Hunger
a - Pain                  Necr           ###.         3%          1    #......


Dungeon Overview and Level Annotations

Branches:
Dungeon (2/16)

Altars:


Innate Abilities, Weirdness & Mutations

You cannot wear most types of armour.
You are amphibious.
You can wear up to eight rings at the same time.
You can use your tentacles to constrict many enemies at once.
Your skin changes colour to match your surroundings (Stlth).
Your rubbery body absorbs attacks (AC +1).


Message History

As you read the scroll labeled XYIZXO MOISHOU, it crumbles to dust.
You feel strangely unstable.
It was a scroll of teleportation.
An adder comes into view.
Your surroundings suddenly seem different.
A hobgoblin comes into view. It is wielding an orcish club.
The hobgoblin shouts!
You hit the hobgoblin but do no damage. Your grab misses the hobgoblin.
The hobgoblin hits you with an orcish club.
* * * LOW HITPOINT WARNING * * *
You hit the hobgoblin but do no damage. Your grab misses the hobgoblin.
The hobgoblin hits you with an orcish club.
* * * LOW HITPOINT WARNING * * *
Casting: Pain
Confirm with . or Enter, or press ? or * to list all spells.
Aiming: Pain
Press: ? - help, Shift-Dir - straight line, f - hobgoblin
Aim: a hobgoblin, wielding an orcish club The hobgoblin convulses in agony!
The hobgoblin hits you with an orcish club.
You die...

..# ..# ..# ..# . #.#
#.# #.# #.# #.# #.## #.#
#... #@#.##..
#......g.........
.####.#.#.##.###########
#.#................. #
###.##.########### #.#.
#)# #.. #.#
########.####.#
........<.....#


You could see a hobgoblin.

Vanquished Creatures
  A giant mite (D:1)
  2 giant geckos (D:1)
  A giant cockroach (D:1)
  4 goblins (D:1)
  A hobgoblin (D:1)
  2 kobolds
  2 bats (D:1)
13 creatures vanquished.

Notes
Turn   | Place    | Note
--------------------------------------------------------------
     0 | D:1      | Khlestharos, the Octopode Necromancer, began the quest for the Orb.
     0 | D:1      | Reached XP level 1. HP: 11/11 MP: 3/3
   127 | D:1      | Reached XP level 2. HP: 9/17 MP: 4/4
   462 | D:2      | Slain by a hobgoblin

Action                   || total
-------------------------++-------
Melee: Unarmed           ||    34
 Cast: Pain              ||     9
  Use: Scroll            ||     1
